 Dungeon Crawl Stone Soup version 0.29-a0-1027-gcd8c55af63 (webtiles) character file.

Game seed: 15817060331661460544

64 Locuples the Sneak (level 3, 0/40 HPs)
             Began as a Demonspawn Brigand on Aug 12, 2022.
             Slain by a kobold
             ... wielding a +0 club
              (3 damage)
             ... on level 3 of the Dungeon.
             The game lasted 00:03:09 (1682 turns).

Locuples the Sneak (Demonspawn Brigand)             Turns: 1682, Time: 00:03:09

Health: 0/40       AC:  3    Str: 11    XL:     3   Next: 91%
Magic:  3/3        EV: 11    Int: 12    God:
Gold:   60         SH:  0    Dex: 16    Spells: 2/2 levels left

rFire   . . .      SeeInvis .   a - +2 dagger
rCold   . . .      Faith    .   (no shield)
rNeg    . . .      Spirit   .   b - +0 robe
rPois   .          Reflect  .   (helmet restricted)
rElec   .          Harm     .   c - +0 cloak
rCorr   .          Rampage  .   (no gloves)
Will    .....                   (no boots)
Stlth   ..........              (no amulet)
HPRegen 0.13/turn               k - +4 ring of slaying
MPRegen 0.08/turn               o - ring of flight

@: berserking, flying, hasted, very quick
A: horns 1
a: no special abilities


You were on level 3 of the Dungeon.
You visited 1 branch of the dungeon, and saw 3 of its levels.

You collected 60 gold pieces.

Inventory:

Hand Weapons
 a - a +2 dagger (weapon)
Missiles
 d - 9 poisoned darts (quivered)
 e - 3 curare-tipped darts
Armour
 b - a +0 robe (worn)
 c - a +0 cloak (worn)
Jewellery
 g - a ring of magical power
 k - a +4 ring of slaying (left hand)
 o - a ring of flight (right hand)
Scrolls
 f - a scroll of fear {unknown}
 h - 5 scrolls of identify {unknown}
 l - a scroll of vulnerability {unknown}
 m - a scroll of fog {unknown}
Potions
 j - a potion of invisibility {unknown}
 n - a potion of berserk rage


   Skills:
 - Level 2.0 Fighting
 + Level 2.2 Short Blades
 - Level 1.7 Throwing
 - Level 0.8 Dodging
 * Level 5.0 Stealth


You had 2 spell levels left.
You didn't know any spells.
Your spell library contained the following spells:

 Spells                   Type           Power      Damage    Failure   Level
 Sandblast                Erth           0%         2d4       32%         1
 Passwall                 Tmut/Erth      0%         N/A       45%         2
 Sublimation of Blood     Necr           0%         N/A       45%         2
 Stone Arrow              Conj/Erth      0%         3d7       69%         3
 Petrify                  Tmut/Erth      0%         N/A       97%         4
 Freezing Cloud           Conj/Ice/Air   0%         6-21      100%        5
 Irradiate                Conj/Tmut      0%         3d11      100%        5
 Simulacrum               Ice/Necr       0%         N/A       100%        6
 Polar Vortex             Ice            0%         N/A       100%        9


Dungeon Overview and Level Annotations

Branches:
Dungeon (3/15)

Altars:

Shops:
D:2 =


Innate Abilities, Weirdness & Mutations

You have a pair of small horns on your head.


Message History

The adder poisons you! The kobold hits you with a +0 club.
The hobgoblin closely misses you.
You hit the adder. Your headbutt misses the adder.
The adder is severely wounded.
You feel sick. The adder completely misses you.
The hobgoblin closely misses you. The kobold hits you with a +0 club.
You hit the adder.
The adder is almost dead.
You feel sick. The adder closely misses you. The hobgoblin barely misses you.
The kobold hits you but does no damage.
You closely miss the adder.
The adder is almost dead.
You feel sick. The adder completely misses you.
The hobgoblin hits you but does no damage.
The kobold closely misses you. The adder misses you.
You hit the adder.
You kill the adder!
You feel sick.
You are no longer poisoned.
The hobgoblin hits you. The kobold hits you with a +0 club.
Your Stealth skill increases to level 5!
You barely miss the kobold.
The hobgoblin hits you but does no damage.
The kobold hits you with a +0 club.
You barely miss the kobold. The hobgoblin hits you.
* * * LOW HITPOINT WARNING * * *
The kobold closely misses you. The hobgoblin attacks as you move away!
The hobgoblin misses you. The kobold hits you with a +0 club.
* * * LOW HITPOINT WARNING * * *
You barely miss the hobgoblin. Your headbutt misses the hobgoblin.
It was a potion of haste.
You feel yourself speed up. The hobgoblin closely misses you.
The kobold hits you with a +0 club.
* * * LOW HITPOINT WARNING * * *
It was a potion of berserk rage.
A red film seems to cover your vision as you go berserk!
You feel yourself moving faster!
You feel mighty! The hobgoblin hits you.
* * * LOW HITPOINT WARNING * * *
The kobold hits you with a +0 club.
You die...

#....$... #........
#........ #........
..... #........ ..#.
#........ #####.#..
#........ ..........#
#gK...... ..#.......#
#@....... #....<....#
#........
..........######.#.?.#..
.................#...# )
...........#.........#
...#...##..#.........#
......................#
.......##..#..........#
.....#.##..##+#####....


You could see a hobgoblin and a kobold.

Vanquished Creatures
  2 adders
  3 dart slugs
  4 bats
  5 endoplasms
  3 giant cockroaches
  4 goblins
  2 hobgoblins (D:2)
  4 kobolds
  2 quokkas (D:1)
  3 ball pythons (D:1)
  A frilled lizard (D:1)
  6 rats
39 creatures vanquished.

Notes
Turn   | Place    | Note
-------+----------+-------------------------------------------
     0 | D:1      | Locuples the Demonspawn Brigand began the quest for the
                  | Orb.
     0 | D:1      | Reached XP level 1. HP: 16/16 MP: 1/1
   308 | D:1      | Reached skill level 4 in Stealth
   359 | D:1      | Gained mutation: You have a pair of small horns on your
                  | head. [demonic ancestry]
   359 | D:1      | Reached XP level 2. HP: 14/22 MP: 2/2
   923 | D:1      | Found a faded altar of an unknown god.
  1031 | D:1      | Reached XP level 3. HP: 27/27 MP: 3/3
  1407 | D:2      | Found Sireff's Jewellery Shop.
  1676 | D:3      | Reached skill level 5 in Stealth
  1682 | D:3      | Slain by a kobold

Illustrated notes

Levels and vault maps discovered:
D:1:      lemuel_arrival_cross, layout_basic,
          dreamdust_ecumenical_altar_angels_and_demons
D:2:      layout_rooms, serial_shops, shop
D:3:      layout_basic, uniq_sigmund

Skill      XL: |  1  2  3 |
---------------+----------+-----
Stealth        | 4 5 |  5.0
Short Blades   | 2 |  2.2
Fighting       | |  2.0
Throwing       | |  1.7
Dodging        | |  0.8

Action                   || total
-------------------------++-------
Melee: Dagger            ||    90
       Headbutt          ||    10
  Use: Potion            ||     2
 Stab: Sleeping          ||    11
Armor: Robe              ||    20
Dodge: Dodged            ||    50

Table legend: (Time is in decaauts)
 A = Elapsed time spent in this place.
 B = Non-inter-level travel time spent in this place.
 C = Inter-level travel time spent in this place.
 D = Time resting spent in this place.
 E = Time spent auto-exploring this place.
 F = Levels seen in this place.
 G = Mean time per level.
                   A        B        C        D        E       F      G
               +--------+--------+--------+--------+--------+-----+--------+
         Total |   1671 |   1655 |     16 |      0 |   1275 |   3 |  557.0 |
       Dungeon |   1671 |   1655 |     16 |      0 |   1275 |   3 |  557.0 |
               +--------+--------+--------+--------+--------+-----+--------+

Top non-repeatable levels by time:
     D:1: 1237 daAuts
     D:2: 380 daAuts
     D:3: 53 daAuts
